Map: Jagannatha LE

Players

New

  • Race: Zerg Zerg
  • League: Diamond
  • Spawn Location: 1:00

Heeebster - Winner!

  • Race: Protoss Protoss
  • League: Diamond
  • Spawn Location: 7:00

VOD

Have the link to the VOD?

Description

Time

  • Played on: Nov. 14, 2020, 2:46 p.m.
  • Length: 11:11
Show
View Real Time Build Order
Export as new Build Order

New Zerg 

Build Orders: Hatch First 

Get SALT Encoding   

  12  0:00  Drone  
  13  0:13  Overlord  
  13  0:23  Drone  
  14  0:33  Drone  
  15  0:37  Drone  
  17  0:50  Drone  
  17  0:57  Overlord  
  17  1:08  Hatchery  
  16  1:12  Drone  
  17  1:19  Drone  
  18  1:26  Extractor  
  18  1:30  Drone, Spawning Pool  
  17  1:41  Drone  
  18  1:50  Drone  
  19  2:04  Drone  
  20  2:13  Overlord  
  20  2:16  Queen  
  20  2:20  Queen  
  20  2:21  Drone  
  25  2:24  Drone  
  26  2:32  Drone  
  27  2:37  Drone  
  27  2:40  Metabolic Boost  
  27  2:42  Drone  
  29  2:45  Drone  
  30  2:58  Zergling x2  
  31  3:02  Hatchery  
  30  3:07  Drone x2  
  30  3:08  Drone  
  33  3:15  Drone  
  36  3:31  Queen  
  36  3:32  Drone  
  36  3:33  Drone x3  
  40  3:35  Drone x4  
  43  3:55  Spore Crawler  
  43  3:56  Lair  
  43  3:58  Spore Crawler  
  43  4:01  Roach Warren  
  40  4:06  Extractor  
  39  4:17  Zergling x2  
  39  4:18  Zergling x8  
  44  4:24  Drone  
  44  4:25  Drone x2  
  44  4:27  Extractor  
  46  4:31  Zergling x6  
  46  4:32  Zergling x2  
  46  4:34  Overlord x2  
  50  4:55  Overseer  
  50  4:58  Overlord x3  
  45  5:14  Roach x6  
  45  5:15  Roach  
  45  5:16  Drone x7  
  45  5:17  Drone x2  
  66  5:22  Extractor, Glial Reconstitution  
  66  5:24  Evolution Chamber  
  66  5:25  Drone x2  
  66  5:33  Spore Crawler  
  66  5:35  Drone x3  
  67  5:40  Drone x3, Spine Crawler  
  70  5:49  Drone x4  
  74  6:06  Drone, Spore Crawler  
  74  6:07  Drone x7  
  74  6:11  Extractor, Zerg Missile Weapons Level 1  
  80  6:20  Overlord  
  80  6:21  Overlord  
  80  6:25  Drone  
  81  6:27  Overlord x2  
  81  6:34  Extractor  
  80  6:40  Ravager  
  80  6:41  Ravager x2  
  80  6:42  Ravager x4  
  80  6:44  Overlord x4  
  87  6:51  Drone x5  
  92  6:58  Roach  
  92  6:59  Roach x6  
  106  7:07  Spine Crawler  
  105  7:14  Overlord x3  
  105  7:33  Zergling x4  
  105  7:34  Zergling x4  
  105  7:35  Zergling x2  
  105  7:36  Zergling x14  
  117  7:37  Ravager x4  
  117  7:38  Ravager x3  
  117  7:40  Zergling x2  
  117  7:41  Zergling x8  
  129  7:54  Baneling Nest, Zergling x6  
  131  7:59  Hatchery  
  128  8:06  Zergling x2  
  128  8:07  Zergling x16  
  119  8:39  Zergling x2  
  119  8:40  Zergling x22  
  100  8:48  Roach  
  92  8:49  Roach x3  
  92  8:51  Centrifical Hooks  
  92  8:52  Zerg Missile Weapons Level 2  
  98  8:57  Roach x3  
  104  9:04  Roach  
  104  9:05  Roach  
  108  9:10  Ravager  
  108  9:11  Hatchery, Ravager x3  
  108  9:13  Roach x2  
  108  9:16  Roach x2  
  119  9:19  Roach x3  
  125  9:24  Baneling  
  125  9:25  Baneling x23  
  125  9:26  Baneling x9  
  125  9:29  Roach  
  125  9:30  Roach x3  
  133  9:32  Roach  
  133  9:35  Overlord  
  133  9:38  Overlord  
  135  9:51  Roach x7  
  151  9:52  Roach  
  151  9:56  Ravager x4  
  151  9:57  Ravager x3  
  158  10:02  Ravager  
  158  10:03  Zergling x2  
  158  10:04  Zergling x8  
  158  10:07  Zergling x4  
  165  10:09  Zergling x2  
  165  10:10  Zergling x2  
  165  10:11  Zergling x2  
  165  10:13  Ravager x2  
  171  10:16  Ravager  
  171  10:21  Ravager  
  173  10:22  Zergling x12  
  173  10:23  Zergling x2  
  173  10:25  Zergling x2  
  181  10:28  Zergling x6  
  181  10:29  Zergling x2  
  185  10:36  Zergling x10  
  151  10:51  Zergling x2  
  151  10:52  Zergling x14  
Show
View Real Time Build Order
Export as new Build Order

Heeebster Protoss - Winner!

Build Orders: 1 Gate Expand, Chargelot Immortal, Dark Templar Rush 

Get SALT Encoding   

  12  0:00  Probe  
  13  0:12  Probe (Chrono Boost)  
  14  0:20  Pylon  
  14  0:25  Probe (Chrono Boost)  
  15  0:36  Probe  
  15  0:40  Gateway  
  16  0:49  Assimilator, Probe  
  17  1:01  Probe  
  18  1:13  Probe  
  19  1:25  Probe  
  20  1:30  Nexus  
  20  1:37  Probe  
  21  1:40  Cybernetics Core  
  21  1:49  Assimilator, Probe (Chrono Boost)  
  22  1:57  Pylon  
  23  2:01  Probe (Chrono Boost)  
  23  2:13  Probe (Chrono Boost)  
  23  2:15  Stalker (Chrono Boost)  
  24  2:16  Warp Gate  
  26  2:25  Probe  
  27  2:34  Robotics Facility  
  27  2:38  Stalker  
  27  2:42  Probe  
  30  2:44  Probe (Chrono Boost)  
  31  2:51  Twilight Council  
  32  3:00  Probe (Chrono Boost)  
  32  3:01  Shield Battery  
  32  3:03  Probe (Chrono Boost)  
  33  3:07  Probe (Chrono Boost)  
  33  3:12  Pylon  
  34  3:13  Probe  
  34  3:18  Probe  
  36  3:29  Dark Shrine  
  36  3:33  Probe  
  36  3:34  Probe  
  38  3:37  Gateway  
  38  3:45  Gateway  
  38  3:59  Warp Prism (Chrono Boost)  
  38  4:04  Gateway  
  38  4:07  Charge (Chrono Boost)  
  40  4:16  Probe  
  41  4:17  Probe  
  42  4:27  Immortal (Chrono Boost)  
  42  4:29  Probe x2  
  48  4:33  Assimilator  
  48  4:35  Assimilator  
  48  4:37  Pylon  
  48  4:41  Probe  
  48  4:42  Probe  
  48  4:45  Pylon  
  50  4:48  Pylon  
  50  4:53  Probe  
  50  4:58  Dark Templar x2  
  55  5:04  Probe  
  55  5:05  Probe  
  55  5:17  Probe  
  56  5:32  Nexus  
  56  5:34  Forge, Pylon  
  56  5:36  Forge, Templar Archives  
  56  5:39  Gateway  
  56  5:45  Probe x2  
  58  5:54  Dark Templar x3  
  64  6:03  Probe  
  65  6:08  Immortal (Chrono Boost)  
  69  6:15  Shield Battery, Probe  
  69  6:17  Shield Battery, Protoss Ground Armor Level 1 (Chrono Boost), Probe  
  71  6:27  Probe  
  71  6:28  Zealot  
  71  6:31  Protoss Ground Weapons Level 1 (Chrono Boost)  
  74  6:37  Probe  
  76  6:40  Psionic Storm, Probe  
  76  6:41  Assimilator  
  76  6:44  Assimilator  
  76  6:45  Probe  
  77  6:49  Probe  
  77  6:52  Probe  
  79  6:57  Immortal (Chrono Boost)  
  83  7:06  Probe x2  
  83  7:07  Probe  
  86  7:14  Pylon  
  86  7:15  Zealot x3  
  92  7:16  Pylon  
  92  7:18  Probe  
  92  7:22  Probe x2  
  95  7:24  High Templar x2  
  89  7:30  Probe  
  89  7:32  Immortal (Chrono Boost)  
  89  7:33  Pylon  
  89  7:34  Probe  
  95  7:40  High Templar  
  95  7:41  High Templar  
  99  7:47  Gateway  
  99  7:49  Gateway  
  99  7:53  Gateway  
  99  7:55  Gateway  
  99  7:58  Pylon  
  99  8:00  Zealot x2  
  99  8:03  Probe  
  104  8:09  Photon Cannon  
  104  8:10  Pylon  
  104  8:15  Protoss Ground Weapons Level 2 (Chrono Boost)  
  104  8:19  Photon Cannon, Protoss Ground Armor Level 2 (Chrono Boost)  
  104  8:23  Photon Cannon  
  104  8:27  Zealot  
  94  8:38  Zealot x3  
  94  8:41  Archon  
  92  8:48  High Templar  
  92  8:50  High Templar x4  
  92  8:52  Zealot  
  102  8:57  Pylon  
  102  8:58  Photon Cannon  
  102  9:00  Immortal (Chrono Boost)  
  106  9:05  Zealot x3  
  112  9:12  Pylon  
  112  9:17  Zealot  
  114  9:23  Pylon  
  114  9:24  Zealot x5  
  114  9:25  Pylon, Immortal (Chrono Boost)  
  128  9:36  Zealot x2  
  128  9:37  Zealot x2  
  136  9:41  Robotics Facility  
  136  9:45  Pylon  
  136  9:55  Stalker x4  
  144  10:05  Warp Prism (Chrono Boost)  
  146  10:15  Stalker x4  
  146  10:20  Stalker  
  118  11:00  Zealot x7  
  118  11:01  Zealot x2  
Tags
 
Add a new tag
Caveats
  • Supply blocks, unpowered buildings, or Contaminate may cause inaccurate times.
  • Supply counts are checked every 10 seconds.